 Dungeon Crawl Stone Soup version 0.29-a0-275-g389c0b56f3 (webtiles) character file.

Game seed: 11272404317917793439

31 tilp the Chiller (level 3, 15/15 HPs)
             Began as a Felid Ice Elementalist on Mar 10, 2022.
             Quit the game on level 3 of the Dungeon.
             The game lasted 00:02:10 (2017 turns).

tilp the Chiller (Felid Ice Elementalist)           Turns: 2017, Time: 00:02:10

Health: 15/15      AC:  1    Str:  4    XL:     3   Next: 7%
Magic:  7/7        EV: 17    Int: 18    God:
Gold:   18         SH:  0    Dex: 16    Spells: 0/7 levels left
                                        Lives:  0   Deaths: 1

rFire   . . .      SeeInvis +   (weapon unavailable)
rCold   . . .      Faith    .   (shield unavailable)
rNeg    . . .      Spirit   .   (body armour unavailable)
rPois   .          Reflect  .   (helmet unavailable)
rElec   .          Harm     .   (cloak unavailable)
rCorr   .          Rampage  .   (gloves unavailable)
Will    .....                   (boots unavailable)
Stlth   ++........              (no amulet)
HPRegen 0.05/turn               (no ring)
MPRegen 0.10/turn               (no ring)

@: quick
A: very small, claws 1, fangs 3, see invisible, speed 1, shaggy fur 1, stealthy
paws, no weapons or thrown items, no armour, multi-lived
a: no special abilities


You were on level 3 of the Dungeon.
You visited 1 branch of the dungeon, and saw 3 of its levels.

You collected 18 gold pieces.

Inventory:

Scrolls
 a - a scroll of immolation
 b - a scroll of brand weapon {unknown}
 g - a scroll of torment {unknown}
 i - a scroll of identify {unknown}
Potions
 c - 2 potions of curing {unknown}
 d - a potion of heal wounds {unknown}
 e - a potion of ambrosia {unknown}
 f - a potion of magic
 h - a potion of attraction {unknown}


   Skills:
 + Level 1.6 Fighting
 - Level 2.6 Dodging
 - Level 2.6 Stealth
 + Level 2.6 Spellcasting
 * Level 4.4 Ice Magic


You couldn't memorise any spells.
You knew the following spells:

 Your Spells              Type           Power      Damage    Failure   Level
a - Freeze                Ice            72%        1d9       2%          1
b - Frozen Ramparts       Ice            36%        1d5       9%          3
c - Ozocubu's Armour      Ice            18%        N/A       9%          3

Your spell library contained the following spells:

 Spells                   Type           Power      Damage    Failure   Level
 Hailstorm                Conj/Ice       10%        3d5       56%         4


Dungeon Overview and Level Annotations

Branches:
Dungeon (3/15)

Altars:
Makhleb

Shops:
D:3 *

Annotations:
D:2 Terence


Innate Abilities, Weirdness & Mutations

You have sharp claws.
You have razor-sharp teeth.
You have supernaturally acute eyesight. (SInv)
You cover ground quickly. (Speed+)
You are covered in fur. (AC +1)
Your paws help you pounce on unaware monsters.
You are incapable of wielding weapons or throwing items.
You cannot wear armour.
You gain extra lives every three experience levels.


Message History

Terence says, "Did you write a will?
You should..."
Terence zaps a wand.
The puff of flame misses you.
The ball python attacks as you move away!
The ball python bites you.
* * * LOW HITPOINT WARNING * * *
The ball python closely misses you.
A jackal comes into view.
The ball python attacks as you move away!
The ball python closely misses you. The ball python barely misses you.
Casting: Freeze (safe; 2% risk of failure)
Confirm with . or Enter, or press ? or * to list all spells.
Aiming: Freeze (safe; 2% risk of failure)
Press: ? - help, Shift-Dir - straight line, f - ball python
Aim: a ball python You freeze the ball python.
You kill the ball python!
The jackal barks!
Unknown command.
There is an escape hatch in the floor here.
The jackal closely misses you.
You slide downwards.
The hatch slams shut behind you.
Found 11 stones and a large pearl ring.
Found Mop Pufo's Assorted Antiques.
Casting: Freeze (safe; 2% risk of failure)
Confirm with . or Enter, or press ? or * to list all spells.
Aiming: Freeze (safe; 2% risk of failure)
Press: ? - help, Shift-Dir - straight line, f - jackal
Aim: a jackal You freeze the jackal!
You kill the jackal!
The orc shouts!
The orc completely misses you.
The orc shouts!
You hear a shout!
The orc shouts! x2; You hear a shout!
An orc comes into view. It is wielding a +0 flail.
The orc attacks as you move away! The orc hits you with a +0 hand axe.
You die...
The orc barely misses you.
You are now level 3!
You rejoin the land of the living...
Found a burning altar of Makhleb.
Are you sure you want to abandon this character and quit the game? (Confirm with "yes".)

...##.. ##...
....#.. .#..#
..=.... ....
#+#
#......#.∩.
#@# #........o
#.# #.......(
# ._#
#.....oo###.##
##.## #oo†....
#.# #####.##
#+# #


There were no monsters in sight!

Vanquished Creatures
  2 adders (D:2)
  5 dart slugs
  5 endoplasms
  4 giant cockroaches
  2 goblins
  5 hobgoblins
  3 jackals
  A quokka (D:2)
  2 ball pythons
  5 bats (D:1)
  3 frilled lizards
  2 kobolds (D:1)
  5 rats
44 creatures vanquished.

Notes
Turn   | Place    | Note
-------+----------+-------------------------------------------
     0 | D:1      | tilp the Felid Ice Elementalist began the quest for the
                  | Orb.
     0 | D:1      | Reached XP level 1. HP: 7/7 MP: 4/4
    65 | D:1      | Reached XP level 2. HP: 12/12 MP: 0/6
   209 | D:1      | Found a faded altar of an unknown god.
   304 | D:1      | Reached skill level 4 in Ice Magic
   443 | D:1      | Reached skill level 1 in Fighting
   625 | D:1      | Reached XP level 3. HP: 11/15 MP: 5/7
   629 | D:1      | Learned a level 3 spell: Frozen Ramparts
  1754 | D:2      | Reached XP level 4. HP: 19/19 MP: 2/8
  1758 | D:2      | Learned a level 3 spell: Ozocubu's Armour
  1990 | D:2      | Noticed Terence
  2012 | D:3      | Found Mop Pufo's Assorted Antiques.
  2016 | D:3      | Slain by an orc
  2017 | D:3      | Reached XP level 3. HP: 0/15 MP: 7/7
  2017 | D:3      | Found a burning altar of Makhleb.
  2017 | D:3      | Quit the game

Illustrated notes

Levels and vault maps discovered:
D:1:      roderic_crossed_star, layout_basic, basic_ecumenical_altar,
          minmay_misc_feat_encased
D:2:      minmay_general_purpose_star, layout_basic, uniq_terence
D:3:      layout_loops_ring, lemuel_doored_altar,
          mainiacjoe_overflow_cross_hatched, gammafunk_ghost_icy, serial_shops,
          nicolae_shop_stone

Skill      XL: |  1  2 |
---------------+-------+-----
Ice Magic      | 4 |  4.4
Fighting       | 1 |  1.6
Dodging        | |  2.6
Stealth        | |  2.6
Spellcasting   | |  2.6

Action                   |  1- 3 |  4- 6 || total
-------------------------+-------+-------++-------
Melee: Unarmed           |    19 |       ||    19
 Cast: Freeze            |    50 |     4 ||    54
       Frozen Ramparts   |     3 |     2 ||     5
  Use: Potion            |     1 |       ||     1
       Scroll            |     4 |       ||     4
 Stab: Sleeping          |     9 |       ||     9
Armor: Skin              |     2 |       ||     2
Dodge: Dodged            |    40 |     9 ||    49

Table legend: (Time is in decaauts)
 A = Elapsed time spent in this place.
 B = Non-inter-level travel time spent in this place.
 C = Inter-level travel time spent in this place.
 D = Time resting spent in this place.
 E = Time spent auto-exploring this place.
 F = Levels seen in this place.
 G = Mean time per level.
                   A        B        C        D        E       F      G
               +--------+--------+--------+--------+--------+-----+--------+
         Total |   1812 |   1807 |      5 |      0 |   1567 |   3 |  604.0 |
       Dungeon |   1812 |   1807 |      5 |      0 |   1567 |   3 |  604.0 |
               +--------+--------+--------+--------+--------+-----+--------+

Top non-repeatable levels by time:
     D:2: 1009 daAuts
     D:1: 798 daAuts
     D:3: 4 daAuts
